 Dungeon Crawl Stone Soup version 0.28-a0-1567-g1695149f81 (webtiles) character file.

Game seed: 5736589199710275054

981 comborobin the Grappler (level 7, -5/66 HPs)
             Began as a Troll Cinder Acolyte on Jan 20, 2022.
             Was a Believer of Ignis.
             Slain by a two-headed ogre (13 damage)
             ... on level 9 of the Dungeon.
             The game lasted 00:01:19 (876 turns).

comborobin the Grappler (Troll Cinder Acolyte)       Turns: 876, Time: 00:01:20

Health: -5/66      AC:  4    Str: 23    XL:     7   Next: 96%
Magic:  7/7        EV:  9    Int: 10    God:    Ignis [**....]
Gold:   128        SH:  0    Dex:  7    Spells: 8/8 levels left

rFire   + . .      SeeInvis .     - Unarmed
rCold   . . .      Faith    .   (no shield)
rNeg    + . .      Spirit   .   a - +0 robe
rPois   .          Reflect  .   (helmet restricted)
rElec   .          Harm     .   (no cloak)
rCorr   .          Rampage  .   (gloves unavailable)
Will    .....                   (boots unavailable)
Stlth   +.........              (no amulet)
HPRegen 1.01/turn               e - ring of positive energy
MPRegen 0.10/turn               (no ring)

@: no status effects
A: large, unfitting armour, claws 3, regeneration 1, shaggy fur 1, tough skin 1
a: Renounce Religion, Fiery Armour, Foxfire Swarm, Rising Flame


You were on level 9 of the Dungeon.
You worshipped Ignis.
Ignis was pleased with you.
You visited 1 branch of the dungeon, and saw 9 of its levels.

You collected 128 gold pieces.

Inventory:

Armour
 a - a +0 robe (worn)
Jewellery
 e - a ring of positive energy (left claw)
Wands
 d - a wand of digging (2)
Scrolls
 c - a scroll of fear {unknown}
 f - a scroll of amnesia {unknown}
 g - a scroll of noise {unknown}
Potions
 b - a potion of cancellation


   Skills:
 - Level 2.5 Fighting
 + Level 9.6 Unarmed Combat
 - Level 1.1 Spellcasting
 - Level 2.3 Fire Magic


You had 8 spell levels left.
You didn't know any spells.
Your spell library contained the following spells:

 Spells                   Type           Power      Damage    Failure   Level
 Scorch                   Fire           10%        2d5       21%         2


Dungeon Overview and Level Annotations

Branches:
Dungeon (9/15)
 Temple: D:4-7         Lair: D:8-11         Orc: D:9-12

Altars:
Ashenzari
Elyvilon
Fedhas
Makhleb
Trog
The Shining One


Innate Abilities, Weirdness & Mutations

You are too large for most types of armour.
You have claws for hands.
Your natural rate of healing is unusually fast.
You are covered in fur. (AC +1)
You have tough skin. (AC +1)


Message History

Key pressed, stopping explore.
No target in view!
Key pressed, stopping explore.
No target in view!
Found a stone staircase leading down.
No target in view!
Key pressed, stopping explore.
No target in view!
There is a stone staircase leading down here.
Found a trident.
No target in view!
No target in view!
You now have 128 gold pieces (gained 11).
A two-headed ogre comes into view.
It is wielding a +0 giant club and a +0 giant spiked club.
The two-headed ogre shouts in stereo!
A two-headed ogre is nearby!
You mangle the two-headed ogre!!
The two-headed ogre is moderately wounded.
You scratch the two-headed ogre but do no damage.
The two-headed ogre is moderately wounded.
The two-headed ogre completely misses you.
The two-headed ogre hits you with a +0 giant spiked club!
You barely miss the two-headed ogre.
The two-headed ogre is moderately wounded.
The two-headed ogre barely misses you.
The two-headed ogre hits you with a +0 giant spiked club!!
You scratch the two-headed ogre.
The two-headed ogre is moderately wounded.
You scratch the two-headed ogre.
The two-headed ogre is heavily wounded.
The two-headed ogre hits you with a +0 giant club!!
* * * LOW HITPOINT WARNING * * *
The two-headed ogre hits you with a +0 giant spiked club.
* * * LOW HITPOINT WARNING * * *
Unknown command.
Okay, then.
It was a potion of cancellation.
You feel magically purged. The two-headed ogre closely misses you.
The two-headed ogre hits you with a +0 giant spiked club!
You die...

.####..###...##.##
.# #..#.....##.#
.. ....#.##..#..#
#.###........#.###
. #............#
##.....###.###
#..... #)...###
#.#.##.# #.###@#.#
#.# ##O.# ## #.#.#
#.# .# ... .# ###
##


You could see a two-headed ogre.

Vanquished Creatures
  A hornet (D:8)
  A vampire (D:8)
  An orc warrior (D:8)
  An ice beast (D:6)
  A sky beast (D:6)
  A black bear (D:5)
  A centaur (D:8)
  A bullfrog skeleton (D:5)
  A gnoll shaman (D:6)
  A centaur skeleton (D:7)
  An orc wizard (D:8)
  An adder (D:4)
  3 gnolls (D:6)
  2 shadow imps
  A white imp (D:5)
  2 orcs
  4 ball pythons
  2 endoplasms
  3 hobgoblins
  A quokka (D:1)
  3 bats
  3 kobolds
  A rat (D:1)
37 creatures vanquished.

Vanquished Creatures (others)
  83 foxfires
83 creatures vanquished.

Grand Total: 120 creatures vanquished

Notes
Turn   | Place    | Note
-------+----------+-------------------------------------------
     0 | D:1      | comborobin the Troll Cinder Acolyte began the quest for the
                  | Orb.
     0 | D:1      | Reached XP level 1. HP: 22/22 MP: 1/1
    63 | D:2      | Reached XP level 2. HP: 29/29 MP: 2/2
   208 | D:4      | Reached skill level 4 in Unarmed Combat
   208 | D:4      | Reached XP level 3. HP: 28/36 MP: 3/3
   218 | D:5      | Entered Level 5 of the Dungeon
   218 | D:5      | Noticed a black bear
   223 | D:5      | Killed a black bear
   224 | D:5      | Reached skill level 5 in Unarmed Combat
   224 | D:5      | Reached XP level 4. HP: 22/44 MP: 4/4
   224 | D:5      | Reached XP level 5. HP: 25/50 MP: 5/5
   266 | D:5      | Found a glowing golden altar of the Shining One.
   366 | D:6      | Noticed a sky beast
   378 | D:6      | Reached skill level 6 in Unarmed Combat
   380 | D:6      | Killed a sky beast
   381 | D:6      | Reached XP level 6. HP: 29/59 MP: 6/6
   502 | D:6      | Noticed an ice beast
   509 | D:6      | Killed an ice beast
   510 | D:6      | Reached skill level 7 in Unarmed Combat
   636 | D:8      | Noticed a vampire
   643 | D:8      | Killed a vampire
   644 | D:8      | Reached skill level 8 in Unarmed Combat
   644 | D:8      | Reached XP level 7. HP: 24/66 MP: 7/7
   696 | D:8      | Found a burning altar of Makhleb.
   696 | D:8      | Found a broken altar of Ashenzari.
   698 | D:8      | Found a white marble altar of Elyvilon.
   698 | D:8      | Noticed a hornet
   702 | D:8      | Killed a hornet
   703 | D:8      | Found a bloodstained altar of Trog.
   703 | D:8      | Found a blossoming altar of Fedhas.
   759 | D:8      | Reached skill level 9 in Unarmed Combat
   869 | D:9      | Noticed a two-headed ogre
   876 | D:9      | Slain by a two-headed ogre

Illustrated notes

Levels and vault maps discovered:
D:1:      dpeg_arrival_rooms_c, layout_rooms, nicolae_ecumenical_snake_handling,
          chequers_serial_rivers_large_a, minmay_tetromino_s4
D:2:      layout_basic, uniq_terence
D:3:      layout_loops_ring, lemuel_crystal_altar, serial_shops,
          nicolae_shop_statue_plus, minmay_misc_feat_hallway, minmay_mini_jars
D:4:      layout_loops_ring
D:5:      layout_loops_corners, mainiacjoe_overflow_brackets,
          general_overflow_altar, serial_shops, nicolae_diamond_shop,
          minmay_chambers_of_fives, uniq_crazy_yiuf_cottage, uniq_blork_the_orc
D:6:      layout_loops_ring
D:7:      layout_loops_corners, nicolae_dithmenos_shadow_blocks,
          lemuel_coloured_pillars_altar, minmay_temple_entry_arrows,
          minmay_misc_feat_enclosed, sigmund_army
D:8:      nicolae_BIG_FREAKIN_CUBE, layout_loops_corners,
          grunt_temple_overflow_open
D:9:      layout_loops_cross, mainiacjoe_overflow_concentric_impassable,
          kennysheep_vampire_church

Skill      XL: |  1  2  3  4  5  6  7 |
---------------+----------------------+-----
Unarmed Combat | 4 5 6 8 9 |  9.6
Fighting       | |  2.5
Spellcasting   | |  1.1
Fire Magic     | |  2.3

Action                   |  1- 3 |  4- 6 |  7- 9 || total
-------------------------+-------+-------+-------++-------
Melee: Unarmed           |    56 |    22 |    25 ||   103
Invok: Foxfire Swarm     |     1 |     3 |     1 ||     5
       Fiery Armour      |       |     1 |       ||     1
  Use: Potion            |       |       |     1 ||     1
Armor: Robe              |    48 |    11 |     8 ||    67
Dodge: Dodged            |    40 |     9 |     8 ||    57

Table legend: (Time is in decaauts)
 A = Elapsed time spent in this place.
 B = Non-inter-level travel time spent in this place.
 C = Inter-level travel time spent in this place.
 D = Time resting spent in this place.
 E = Time spent auto-exploring this place.
 F = Levels seen in this place.
 G = Mean time per level.
                   A        B        C        D        E       F      G
               +--------+--------+--------+--------+--------+-----+--------+
         Total |    866 |    817 |     49 |     86 |    465 |   9 |   96.2 |
       Dungeon |    866 |    817 |     49 |     86 |    465 |   9 |   96.2 |
               +--------+--------+--------+--------+--------+-----+--------+

Top non-repeatable levels by time:
     D:6: 198 daAuts
     D:8: 186 daAuts
     D:3: 119 daAuts
     D:5: 116 daAuts
     D:7: 100 daAuts
     D:9: 51 daAuts
     D:1: 45 daAuts
     D:4: 26 daAuts
     D:2: 23 daAuts
